 Dungeon Crawl Stone Soup version 0.25.0-46-gbd7b0854d2 (webtiles) character file.

Game seed: 7558446607223898075

163 Curus the Poker (level 5, -1/42 HPs)
             Began as a Minotaur Gladiator on July 13, 2020.
             Slain by a gnoll
             ... wielding a +0 whip
              (9 damage)
             ... on level 3 of the Dungeon.
             The game lasted 00:08:59 (2262 turns).

Curus the Poker (Minotaur Gladiator)                Turns: 2262, Time: 00:09:00

Health: -1/42      AC:  5    Str: 19      XL:     5   Next: 20%
Magic:  4/4        EV: 12    Int:  5 (6)  God:
Gold:   99         SH:  0    Dex: 11      Spells: 4/4 levels left

rFire    . . .     SeeInvis .   a - +0 trident
rCold    . . .     Gourm    .   (no shield)
rNeg     . . .     Faith    +   b - +0 leather armour
rPois    .         Spirit   .   c - +0 hat
rElec    .         Reflect  .   (no cloak)
rCorr    .         Harm     .   h - +1 pair of gloves
MR       .....                  (no boots)
Stlth    +.........             e - amulet of faith
HPRegen  0.14/turn              (no ring)
MPRegen  0.09/turn              (no ring)

@: no status effects
A: retaliatory headbutt, horns 2
a: no special abilities


You were on level 3 of the Dungeon.
You were not hungry.

You visited 1 branch of the dungeon, and saw 3 of its levels.

You collected 99 gold pieces.

Inventory:

Hand Weapons
 a - a +0 trident (weapon)
Missiles
 d - 3 throwing nets (quivered)
Armour
 b - a +0 leather armour (worn)
 c - a +0 hat (worn)
 h - a +1 pair of gloves (worn)
Jewellery
 e - an amulet of faith (around neck)
 i - a cursed amulet of inaccuracy
Wands
 k - a wand of iceblast (10)
Scrolls
 j - 2 scrolls of identify
Comestibles
 f - 4 rations
 g - a chunk of flesh


   Skills:
 - Level 2.4 Fighting
 + Level 7.2 Polearms
 - Level 2.0 Throwing
 - Level 3.2 Dodging


You had 4 spell levels left.
You didn't know any spells.
Your spell library was empty.

Dungeon Overview and Level Annotations

Branches:
Dungeon (3/15)

Altars:
Nemelex Xobeh


Innate Abilities, Weirdness & Mutations

You reflexively headbutt those who attack you in melee.
You have a pair of horns on your head.


Message History

The gnoll barely misses you. The gnoll hits you.
You completely miss the gnoll. You headbutt the gnoll.
The gnoll is heavily wounded.
The gnoll hits you from afar with a +0 spear.
The gnoll barely misses you. The gnoll hits you but does no damage.
You hit the gnoll but do no damage.
The gnoll is heavily wounded.
The gnoll hits you from afar with a +0 spear.
The gnoll barely misses you. The gnoll closely misses you.
You puncture the gnoll!
You kill the gnoll!
The gnoll hits you with a +0 whip!
* * * LOW HITPOINT WARNING * * *
The gnoll hits you from afar with a +0 spear.
* * * LOW HITPOINT WARNING * * *
The orc barely misses you.
Some of the chunks of flesh in your inventory have rotted away.
There is a stone staircase leading up here.
The gnoll hits you with a +0 whip!
You die...

#.. #........# #.## #........#
###... ###### #........#
#.....### #....### #........#
........# #.##...# #........#
.......o####..###.####........#
......oo...##............#.####
.......o##.###........(###.#
..>.....##.# #..@......# #.#
........##.# #.g......รท###.#
.......###g###g.......))...#
#.....# #..#.........)##..##
##.### ##..........####...#####
#. ##.........# #........#
#.........# #........#
#.........# #....<..(#
#.........# #........#


You could see 2 gnolls.

Vanquished Creatures
  An orc priest (D:3)
  A worker ant (D:2)
  A gnoll (D:3)
  3 adders (D:2)
  An ooze (D:2)
  A dart slug (D:1)
  3 leopard geckos (D:1)
  2 orcs (D:3)
  2 ball pythons
  2 giant cockroaches
  8 goblins
  5 hobgoblins
  12 jackals
  6 bats
  4 frilled lizards
  5 kobolds
  5 rats
62 creatures vanquished.

Notes
Turn   | Place    | Note
-------+----------+-------------------------------------------
     0 | D:1      | Curus the Minotaur Gladiator began the quest for the Orb.
     0 | D:1      | Reached XP level 1. HP: 18/18 MP: 0/0
    51 | D:1      | Reached skill level 4 in Polearms
   122 | D:1      | Reached XP level 2. HP: 25/25 MP: 1/1
   296 | D:1      | Found a sparkling altar of Nemelex Xobeh.
   514 | D:1      | Reached skill level 5 in Polearms
   782 | D:1      | Reached XP level 3. HP: 30/30 MP: 2/2
  1151 | D:2      | Reached skill level 6 in Polearms
  1151 | D:2      | Reached XP level 4. HP: 37/37 MP: 3/3
  2022 | D:3      | Reached skill level 7 in Polearms
  2022 | D:3      | Reached XP level 5. HP: 18/42 MP: 4/4
  2262 | D:3      | Slain by a gnoll

Illustrated notes

Levels and vault maps discovered:
D:1:      dpeg_arrival_round_c, layout_basic, chequers_serial_rivers_small_b,
          dk_noncrumbling_3, nemelex_diamond_rough_becter
D:2:      layout_basic, serial_forest, infiniplex_forest_lined_4_way,
          infiniplex_forest_side_room, infiniplex_forest_clump_C,
          infiniplex_forest_straight_3, infiniplex_forest_lined_room_,
          infiniplex_forest_lined_3, infiniplex_forest_clump_long,
          infiniplex_forest_zigzag_2, infiniplex_forest_straight_2,
          minmay_indecisive_spiral
D:3:      layout_rooms

Skill      XL: |  1  2  3  4 |
---------------+-------------+-----
Polearms       | 4 5 6 7 |  7.2
Fighting       | |  2.4
Throwing       | |  2.0
Dodging        | |  3.2

Action                   |  1- 3 |  4- 6 || total
-------------------------+-------+-------++-------
Melee: Trident           |    76 |    55 ||   131
       Headbutt          |     8 |     4 ||    12
  Use: Potion            |     5 |     1 ||     6
       Scroll            |     4 |     4 ||     8
  Eat: Chunk             |     1 |     3 ||     4
Armor: Leather armour    |    13 |    18 ||    31
Dodge: Dodged            |    29 |    56 ||    85
